 Dungeon Crawl Stone Soup version 0.28-a0-1415-g7c84da036a (webtiles) character file.

Game seed: 6895766168394457308

91 bande the Skirmisher (level 4, -11/29 HPs)
             Began as a Gargoyle Fighter on Jan 8, 2022.
             Mangled by Crazy Yiuf (16 damage)
             ... on level 2 of the Dungeon.
             The game lasted 00:03:57 (3754 turns).

bande the Skirmisher (Gargoyle Fighter)             Turns: 3754, Time: 00:03:58

Health: -11/29     AC: 10    Str: 19    XL:     4   Next: 59%
Magic:  4/4        EV: 14    Int:  9    God:
Gold:   103        SH:  4    Dex: 11    Spells: 3/3 levels left

rFire   . . .      SeeInvis .   a - +0 war axe
rCold   . . .      Faith    .   c - +0 buckler
rNeg    + . .      Spirit   .   b - +0 scale mail
rPois   ∞          Reflect  .   (no helmet)
rElec   +          Harm     .   (no cloak)
rCorr   .          Rampage  .   (no gloves)
Will    .....                   (no boots)
Stlth   ..........              (no amulet)
HPRegen 0.09/turn               (no ring)
MPRegen 0.09/turn               (no ring)

@: mighty, agile
A: sickness immunity, AC +3, negative energy resistance 1, electricity
resistance, torment resistance 1, petrification resistance
a: no special abilities


You were on level 2 of the Dungeon.
You visited 1 branch of the dungeon, and saw 2 of its levels.

You collected 103 gold pieces.

Inventory:

Hand Weapons
 a - a +0 war axe (weapon)
 i - a +4 mace
Armour
 b - a +0 scale mail (worn)
 c - a +0 buckler (worn)
Scrolls
 h - a scroll of identify
Potions
 d - a potion of might
 e - a potion of invisibility
 f - a potion of heal wounds
 g - a potion of haste


   Skills:
 + Level 3.9 Fighting
 + Level 3.2 Axes
 + Level 3.8 Armour
 - Level 0.6 Stealth
 + Level 3.5 Shields


You had 3 spell levels left.
You didn't know any spells.
Your spell library contained the following spells:

 Spells                   Type           Power      Damage    Failure   Level
 Beastly Appendage        Tmut           0%         N/A       83%         1
 Wereblood                Tmut           0%         N/A       93%         2
 Spider Form              Tmut/Pois      0%         N/A       99%         3


Dungeon Overview and Level Annotations

Branches:
Dungeon (2/15)

Altars:
Elyvilon

Annotations:
D:2 Crazy Yiuf


Innate Abilities, Weirdness & Mutations

You are immune to sickness and miasma.
Your stone body is resilient. (AC +3)
You are immune to poison.
You resist negative energy. (rN+)
You are resistant to electric shocks. (rElec)
You are resistant to unholy torment.
You are immune to petrification.


Message History

You see here a +0 mace.
You see here a +0 mace.
You see here a +0 mace.
You see here a +0 mace.
You see here a +0 mace.
You see here a +0 mace.
You see here a +0 mace.
You see here a +0 mace.
You see here a +0 mace.
You see here a +0 mace.
You see here a +0 mace.
You see here a +0 mace.
You see here a +0 mace.
Found a mace.
Found a runed translucent door.
Crazy Yiuf shouts!
You open the door.
Crazy Yiuf says, "Lugonu agre eyeball!"
You closely miss Crazy Yiuf. You block Crazy Yiuf's attack.
Crazy Yiuf barely misses you.
You closely miss Crazy Yiuf.
Crazy Yiuf hits you with a +4 quarterstaff of chaos.
Crazy Yiuf freezes you.
You barely miss Crazy Yiuf. Crazy Yiuf hits you but does no damage.
Crazy Yiuf screams, "Whiteboard!"
Crazy Yiuf barely misses you.
You hit Crazy Yiuf.
Crazy Yiuf is lightly wounded.
Crazy Yiuf hits you with a +4 quarterstaff of chaos!
You feel agile all of a sudden.
You closely miss Crazy Yiuf.
Crazy Yiuf is lightly wounded.
Crazy Yiuf hits you with a +4 quarterstaff of chaos!
* * * LOW HITPOINT WARNING * * *
You feel very mighty all of a sudden.
You slash Crazy Yiuf!
Crazy Yiuf is almost dead.
You block Crazy Yiuf's attack.
Crazy Yiuf hits you with a +4 quarterstaff of chaos!
Ouch! That really hurt!
You die...

#.................
##################
##### #..)# #...#
... #g# ♣♣@♣
###### ♣.♣♣ #....#
# ♣♣.♣
####.####### ♣.♣♣
#.......<... ♣♣.♣♣
####.#######
♣.))♣♣ #......##..
♣))))♣ #.....>##..
#))))# #......##..
#).))# ###'#####..


You could see Crazy Yiuf.

Vanquished Creatures
  2 adders (D:2)
  A worm (D:2)
  2 dart slugs (D:1)
  10 ball pythons
  3 bats
  5 endoplasms
  4 goblins
  10 hobgoblins
  5 jackals
  3 kobolds (D:2)
  5 quokkas
  A frilled lizard (D:1)
  9 rats
60 creatures vanquished.

Notes
Turn   | Place    | Note
-------+----------+-------------------------------------------
     0 | D:1      | bande the Gargoyle Fighter began the quest for the Orb.
     0 | D:1      | Reached XP level 1. HP: 14/14 MP: 1/1
  1056 | D:1      | Reached XP level 2. HP: 18/19 MP: 2/2
  1669 | D:1      | Reached XP level 3. HP: 24/24 MP: 3/3
  2535 | D:2      | Found a white marble altar of Elyvilon.
  2551 | D:2      | Reached XP level 4. HP: 28/29 MP: 4/4
  3744 | D:2      | Found a runed translucent door.
  3745 | D:2      | Noticed Crazy Yiuf
  3754 | D:2      | Mangled by Crazy Yiuf

Illustrated notes

Levels and vault maps discovered:
D:1:      minmay_arrival_widening_spiral_narrow, layout_loops_ring,
          minmay_misc_feat_four_crosses, minmay_rat_gold_closets
D:2:      kennysheep_six_static_rooms, layout_basic, basic_altar,
          uniq_crazy_yiuf_cottage

Skill      XL: |  1  2  3  4 |
---------------+-------------+-----
Axes           | 2 3 |  3.2
Fighting       | |  3.9
Armour         | |  3.8
Stealth        | |  0.6
Shields        | |  3.5

Action                   |  1- 3 |  4- 6 || total
-------------------------+-------+-------++-------
Melee: War axe           |   106 |    74 ||   180
  Use: Scroll            |     7 |     1 ||     8
Armor: Scale mail        |    56 |    28 ||    84
Dodge: Dodged            |    51 |    33 ||    84
Block: Buckler           |    25 |    17 ||    42

Table legend: (Time is in decaauts)
 A = Elapsed time spent in this place.
 B = Non-inter-level travel time spent in this place.
 C = Inter-level travel time spent in this place.
 D = Time resting spent in this place.
 E = Time spent auto-exploring this place.
 F = Levels seen in this place.
 G = Mean time per level.
                   A        B        C        D        E       F      G
               +--------+--------+--------+--------+--------+-----+--------+
         Total |   3827 |   3827 |      0 |   1664 |   1607 |   2 | 1913.5 |
       Dungeon |   3827 |   3827 |      0 |   1664 |   1607 |   2 | 1913.5 |
               +--------+--------+--------+--------+--------+-----+--------+

Top non-repeatable levels by time:
     D:1: 2215 daAuts
     D:2: 1611 daAuts
